 Dungeon Crawl Stone Soup version 0.21.1-1-g345015f (webtiles) character file.

90 kae the Insei (level 4, 0/28 HPs)
             Began as an Octopode Transmuter on May 27, 2018.
             Slain by a river rat (9 damage)
             ... in a sewer.
             The game lasted 00:02:08 (2406 turns).

kae the Insei (Octopode Transmuter)                 Turns: 2406, Time: 00:02:08

Health: 0/28       AC:  1    Str:  9    XL:     4   Next: 56%
Magic:  7/7        EV: 13    Int: 15    God:
Gold:   85         SH:  0    Dex: 13    Spells: 4/7 levels left

rFire    . . .     SeeInvis .     - Unarmed
rCold    . . .     Gourm    .   (no shield)
rNeg     . . .     Faith    .   (helmet restricted)
rPois    .         Spirit   .   (no amulet)
rElec    .         Reflect  .   (no ring)
rCorr    .         Harm     .   (no ring)
MR       .....                  (no ring)
Stlth    ++........             (no ring)
HPRegen  0.09/turn              (no ring)
MPRegen  0.10/turn              (no ring)
                                (no ring)
                                (no ring)

@: no status effects
A: almost no armour, stealthy swim, amphibious, 8 rings, constrict 8, camouflage
1, gelatinous body 1
a: no special abilities


You were in a sewer.
You were not hungry.

You visited 1 branch of the dungeon, and saw 3 of its levels.
You also visited: Sewer.

You collected 85 gold pieces.

Inventory:

Missiles
 a - 10 arrows
Wands
 l - a wand of acid (8)
Scrolls
 d - a scroll of identify
 g - 3 scrolls of fog
Potions
 f - a potion of cancellation {unknown}
 h - a potion of invisibility
 j - a potion of heal wounds
 k - a potion of brilliance
 m - a potion of mutation
Books
 b - a book of Changes

   Spells                             Type                      Level
   a - Beastly Appendage              Transmutation                1
   b - Sticks to Snakes               Transmutation                2
   c - Spider Form                    Transmutation/Poison         3
   d - Ice Form                       Ice/Transmutation            4
   e - Blade Hands                    Transmutation                5
Comestibles
 c - 4 rations
 i - a chunk of flesh


   Skills:
 + Level 1.6 Fighting
 + Level 2.3 Dodging
 * Level 3.8 Unarmed Combat
 + Level 2.3 Spellcasting
 * Level 3.1 Transmutations


You had 4 spell levels left.
You knew the following spells:

 Your Spells              Type           Power        Failure   Level  Hunger
a - Beastly Appendage     Tmut           ##....       6%          1    #......
b - Sticks to Snakes      Tmut           ##......     9%          2    ###....


Dungeon Overview and Level Annotations

Branches:
Dungeon (3/15)

Altars:
Makhleb
Ru


Innate Abilities, Weirdness & Mutations

You cannot wear most types of armour.
You are very stealthy in the water. (Stealth+)
You are amphibious.
You can wear up to eight rings at the same time.
You can use your tentacles to constrict eight enemies at once.
Your skin changes colour to match your surroundings (Stealth+).
Your rubbery body absorbs attacks. (AC +1, EV +1)


Message History

The river rat barely misses you.
You barely miss the river rat. You grab the river rat.
Your squeeze misses the river rat.
You constrict the river rat, but do no damage.
You tentacle-slap the river rat but do no damage.
You squeeze the river rat, but do no damage.
You constrict the river rat. The river rat bites you.
You completely miss the river rat.
The river rat is lightly wounded.
You constrict the river rat, but do no damage.
The river rat bites you!
You are too injured to fight recklessly!
You are too injured to fight recklessly!
You are too injured to fight recklessly!
You are too injured to fight recklessly!
You tentacle-slap the river rat. You squeeze the river rat.
The river rat is severely wounded.
You constrict the river rat, but do no damage.
The river rat bites you!
You die...

###
#.#
#.#
#.#
#.#
#∩#
#.#
#@#
#r#
#.#
#.#
#.#
#.#
#.#
#≈#


You could see a river rat.

Vanquished Creatures
  2 adders
  A river rat (Sewer)
  2 worms
  2 dart slugs (D:2)
  A leopard gecko (D:2)
  2 orcs (D:2)
  4 ball pythons
  2 bats (D:2)
  5 giant cockroaches
  7 goblins
  5 hobgoblins
  A quokka (D:2)
  4 frilled lizards
  5 kobolds
  6 rats
49 creatures vanquished.

Notes
Turn   | Place    | Note
-------+----------+-------------------------------------------
     0 | D:1      | kae the Octopode Transmuter began the quest for the Orb.
     0 | D:1      | Reached XP level 1. HP: 13/13 MP: 3/3
   457 | D:1      | Reached XP level 2. HP: 16/18 MP: 3/5
   841 | D:2      | Found a burning altar of Makhleb.
  1035 | D:2      | Reached XP level 3. HP: 23/23 MP: 4/6
  1039 | D:2      | Learned a level 2 spell: Sticks to Snakes
  1865 | D:2      | Reached XP level 4. HP: 26/28 MP: 5/7
  2223 | D:3      | Found a sacrificial altar of Ru.
  2239 | D:3      | Found a glowing drain.
  2252 | Sewer    | Entered a sewer
  2406 | Sewer    | Slain by a river rat

Skill      XL: |  1  2  3  4 |
---------------+-------------+-----
Transmutations | 3 |  3.1
Fighting       | |  1.6
Dodging        | |  2.3
Unarmed Combat | |  3.8
Spellcasting   | |  2.3

Action                   |  1- 3 |  4- 6 || total
-------------------------+-------+-------++-------
Melee: Unarmed           |    81 |    38 ||   119
       Constrict         |    23 |     9 ||    32
       Kick              |    10 |     1 ||    11
       Tentacles         |     8 |     5 ||    13
       Punch             |     1 |       ||     1
 Cast: Beastly Appendage |    12 |     1 ||    13
       Sticks to Snakes  |       |     2 ||     2
  Use: Scroll            |       |    10 ||    10
       Potion            |       |     1 ||     1
 Stab: Sleeping          |     6 |     2 ||     8
  Eat: Chunk             |     3 |     2 ||     5
Armor: Skin              |     2 |     2 ||     4
Dodge: Dodged            |    39 |    22 ||    61
